 Dungeon Crawl Stone Soup version 0.26.1-11-gd32895ea62 (webtiles) character file.

Game seed: 13713362635207919193

18790 Descartes the Grappler (level 12, -1/99 HPs)
             Began as a Troll Chaos Knight on June 13, 2021.
             Was a Plaything of Xom.
             Slain by a yak (7 damage)
             ... on level 11 of the Dungeon.
             The game lasted 00:41:04 (13379 turns).

Descartes the Grappler (Troll Chaos Knight)        Turns: 13379, Time: 00:41:07

Health: -1/99      AC: 11    Str: 21    XL:     12   Next: 30%
Magic:  16/16      EV: 12    Int: 11    God:    Xom [......]
Gold:   639        SH: 13    Dex: 12    Spells: 8/18 levels left

rFire    + . .     SeeInvis +     - Unarmed
rCold    . . .     Faith    .   L - +2 kite shield
rNeg     + + .     Spirit   .   a - +0 robe of Fufeteg {rF+ rN+ Str-2 Slay+2 SInv}
rPois    .         Reflect  .   (helmet restricted)
rElec    +         Harm     .   I - +0 cloak
rCorr    .         Rampage  .   (gloves unavailable)
Will     ++...                  (boots unavailable)
Stlth    ..........             p - amulet of the acrobat
HPRegen  0.66/turn              s - ring of willpower
MPRegen  0.15/turn              y - ring of Prescription {rElec rN+ Stlth-}

@: no status effects
A: large, unfitting armour, claws 3, iridescent scales 1, slimy green scales 1,
agile 1, blurry vision 1, frail 1, strong-willed 1, regeneration 1, shaggy fur
1, tough skin 3
a: Renounce Religion


You were on level 11 of the Dungeon.
You worshipped Xom.
You were a very special plaything of Xom.
You visited 4 branches of the dungeon, and saw 15 of its levels.
You also visited: Sewer and Bailey.

You collected 1666 gold pieces.
You spent 1027 gold pieces at shops.

Inventory:

Hand Weapons
 A - a +2 battleaxe
 H - a +0 dagger of venom
Missiles
 b - 302 stones (quivered)
 c - 3 atropa-tipped darts
 f - 4 silver boomerangs
 t - 5 large rocks
 v - 77 poisoned darts
 B - 2 throwing nets
 K - 22 boomerangs
Armour
 a - the +0 robe of Fufeteg (worn) {rF+ rN+ Str-2 Slay+2 SInv}
   (You bought it in a shop on level 2 of the Orcish Mines)

   It affects your strength (-2).
   It affects your accuracy and damage with ranged weapons and melee attacks
   (+2).
   It protects you from fire.
   It protects you from negative energy.
   It lets you see invisible.
 I - a +0 cloak (worn)
 L - a +2 kite shield (worn)
 M - a +2 robe of cold resistance
Jewellery
 m - an uncursed ring of protection from cold
 p - an amulet of the acrobat (around neck)
 s - a ring of willpower (left claw)
 y - the ring of Prescription (right claw) {rElec rN+ Stlth-}
   (You found it on level 7 of the Dungeon)

   [ring of attention]

   It insulates you from electricity.
   It protects you from negative energy.
   It makes you less stealthy.
 O - an uncursed ring of magical power
Wands
 q - a wand of iceblast (4)
 u - a wand of flame (17)
 z - a wand of disintegration (9)
 D - a wand of paralysis (22)
 E - a wand of acid (10)
 R - a wand of polymorph (9)
Scrolls
 d - a scroll of acquirement {unknown}
 g - 3 scrolls of amnesia
 j - 2 scrolls of identify
 o - a scroll of fear
 r - 6 scrolls of remove curse
 F - 2 scrolls of enchant armour
 G - 4 scrolls of blinking
 N - 2 scrolls of teleportation
 Q - a scroll of torment {unknown}
Potions
 e - 2 potions of brilliance
 i - 6 potions of curing
 l - 3 potions of might
 n - 8 potions of lignification
 w - 6 potions of attraction
 x - 4 potions of flight
 C - 3 potions of cancellation
 J - a potion of experience {unknown}
Miscellaneous
 k - a condenser vane
 P - a phial of floods


   Skills:
 - Level 5.0 Fighting
 - Level 5.0 Throwing
 - Level 5.0 Dodging
 - Level 9.0 Shields
 - Level 10.0 Unarmed Combat
 + Level 3.5 Spellcasting
 + Level 4.4 Translocations
 + Level 3.0 Transmutations
 - Level 5.0 Evocations


You had 8 spell levels left.
You knew the following spells:

 Your Spells              Type           Power        Failure   Level
a - Blink                 Tloc           N/A          6%          2
b - Blade Hands           Tmut           4%           90%         5
c - Wereblood             Tmut           8%           11%         2
d - Beastly Appendage     Tmut           16%          8%          1

Your spell library contained the following spells:

 Spells                   Type           Power        Failure   Level
 Magic Dart               Conj           4%           26%         1
 Call Imp                 Summ           1%           36%         2
 Slow                     Hex            1%           36%         2
 Spider Form              Tmut/Pois      2%           38%         3
 Conjure Flame            Conj/Fire      1%           58%         3
 Mephitic Cloud           Conj/Pois/Air  1%           58%         3
 Ice Form                 Ice/Tmut       5%           80%         4


Dungeon Overview and Level Annotations

Branches:
Dungeon (11/15)            Temple (1/1) D:5            Lair (1/6) D:9
    Orc (2/2) D:9             Elf (0/3) Orc:2         Sewer (visited)
 Bailey (visited)

Altars:
Ashenzari
Cheibriados
Dithmenos
Elyvilon
Fedhas
Gozag
Hepliaklqana
Kikubaaqudgha
Makhleb
Nemelex Xobeh
Okawaru
Qazlal
Ru
Sif Muna
Trog
Uskayaw
Vehumet
Wu Jian
Xom
Yredelemnul
Zin
The Shining One
Beogh

Shops:
D:6 !   D:7 :   Orc:2 ::[}}[?


Innate Abilities, Weirdness & Mutations

You are too large for most types of armour.
You have claws for hands.
Your natural rate of healing is unusually fast.
You are covered in fur. (AC +1)
You have extremely tough skin. (AC +3)
You are partially covered in iridescent scales. (AC +2)
You are partially covered in slimy green scales. (AC +2)
You are agile. (Dex +2)
Scrolls take you a little longer to read.
You are frail. (-10% HP)
You are strong-willed. (Will+)


Message History

You see here an iguana corpse.
You closely miss the yak.
The orc wizard gestures at itself while chanting.
The orc wizard flickers and vanishes for a moment.
You block the yak's attack.
You scratch the yak.
The yak is lightly wounded.
You barely miss the yak.
The yak is lightly wounded.
The yak gores you!
* * * LOW HITPOINT WARNING * * *
The orc shouts!
You mangle the yak!!
The yak is severely wounded. "Hum-dee-hum-dee-hum..."
The troll evaporates and reforms as a tarantella!
You hear a shout!
The yak gores you!
You die...
Xom titters!

##.#.. .o......(.
#.. .[.# #
#..o.....# ...o
####. #..8..#.....
#... #
#....o...... ..#
#. #..o..#....#
.### #.####M###
... ...# #...os.#
. .#.## ####Y###
##..# #@### ###.#
#...###
##)########
###...#
#.........#
###.###
..†.##.88..# #...#
..#........#
###.########.#
#.#........#
#.>..........#
#<#.##.8...#
#........#####
....##.#..########
#......P.#


You could see a yak, a tarantella, a mummy, an orc wizard (invisible) and 2
orcs.

Vanquished Creatures
  An orc warlord (Bailey)
  A two-headed ogre (D:9)
  2 orc sorcerers
  3 orc knights (Bailey)
  Maurice (D:8)
  Psyche (D:11)
  A rime drake (D:9)
  A komodo dragon (D:11)
  A troll (Orc:1)
  A wraith (D:11)
  18 yaks
  5 wargs
  Duvessa (D:4)
  6 water moccasins
  A hornet zombie (D:8)
  5 sky beasts
  7 necrophages
  20 orc warriors
  An ice beast (D:6)
  10 ogres
  2 phantoms
  3 wolves (Lair:1)
  2 centaurs
  2 big kobolds (D:10)
  A gnoll sergeant (D:5)
  8 bullfrogs
  Dowan (D:4)
  2 wyvern skeletons (D:9)
  2 scorpions
  3 wights (D:11)
  A howler monkey (D:7)
  3 centaur zombies
  A jelly (Orc:2)
  5 hounds
  12 orc priests
  A gnoll shaman (D:6)
  2 centaur skeletons (D:7)
  2 bullfrog skeletons (D:7)
  Terence (D:3)
  6 iguanas
  Natasha (thrice) (D:3)
  39 orc wizards
  5 worker ants
  A mummy (D:11)
  Robin (D:3)
  A worker ant zombie (D:11)
  33 gnolls
  11 adders
  A shadow imp (D:10)
  2 white imps
  An ooze (D:4)
  An adder zombie (D:9)
  An adder skeleton (D:6)
  6 worms
  2 dart slugs
  6 leopard geckos
  104 orcs
  2 ball pythons
  4 giant cockroaches
  2 gnoll zombies (D:4)
  31 goblins
  20 hobgoblins
  8 jackals
  3 quokkas
  17 bats
  7 frilled lizards
  19 kobolds
  4 rats
482 creatures vanquished.

Vanquished Creatures (collateral kills)
  2 orc sorcerers
  A yak (D:10)
  2 orc warriors (Orc:2)
  2 orc wizards
  3 orcs (Orc:2)
  6 goblins (D:3)
  A hobgoblin (D:3)
  A rat (D:3)
18 creatures vanquished.

Vanquished Creatures (others)
  3 wargs (Orc:1)
  An orc wizard (Orc:1)
  An orc (Orc:1)
  A fungus (Lair:1)
  39 plants
  7 withered plants (D:11)
52 creatures vanquished.

Grand Total: 552 creatures vanquished

Notes
Turn   | Place    | Note
-------+----------+-------------------------------------------
     0 | D:1      | Descartes the Troll Chaos Knight began the quest for the
                  | Orb.
     0 | D:1      | Reached XP level 1. HP: 22/22 MP: 0/0
     6 | D:1      | XOM: divination: detect items
    31 | D:1      | XOM: silly message
   300 | D:1      | Reached XP level 2. HP: 28/29 MP: 1/1
   583 | D:1      | XOM: divination: detect items
   867 | D:2      | Reached XP level 3. HP: 36/36 MP: 2/2
   894 | D:2      | XOM: 3-stop teleportation journey
   910 | D:2      | XOM: noise
   933 | D:2      | XOM: butterfly on damage
  1257 | D:2      | XOM is BORED!
  1272 | D:2      | Reached XP level 4. HP: 39/45 MP: 3/3
  1358 | D:2      | XOM: 1-stop teleportation journey
  1442 | D:3      | XOM: divination: detect creatures
  1476 | D:3      | Learned a level 2 spell: Blink
  1521 | D:3      | Noticed Robin
  1524 | D:3      | XOM: summons 2 friendly demons
  1534 | D:3      | Killed Robin
  1540 | D:3      | Reached skill level 4 in Unarmed Combat
  1642 | D:3      | Noticed Natasha
  1653 | D:3      | Killed Natasha
  1654 | D:3      | Reached XP level 5. HP: 35/53 MP: 4/4
  1663 | D:3      | XOM: enchant monster (bad)
  1789 | D:3      | Noticed Terence
  1807 | D:3      | Killed Terence
  1831 | D:3      | XOM: give mutations
  1831 | D:3      | Gained mutation: You are robust. (+10% HP) [Xom's grace]
  1831 | D:3      | Gained mutation: Your muscles are strong. (Str +2) [Xom's
                  | grace]
  1884 | D:3      | Noticed Natasha
  1893 | D:3      | Killed Natasha
  1894 | D:3      | Reached XP level 6. HP: 68/68 MP: 5/5
  2036 | D:3      | Noticed an orc warrior
  2045 | D:3      | XOM: summons friendly white imp
  2051 | D:3      | Killed an orc warrior
  2056 | D:3      | Noticed Natasha
  2060 | D:3      | XOM: cast spell 'Chain of Chaos'
  2062 | D:3      | Reached skill level 5 in Unarmed Combat
  2074 | D:3      | Killed Natasha
  2257 | D:2      | XOM: cloud trail
  2454 | D:4      | Reached XP level 7. HP: 78/78 MP: 6/6
  2459 | D:4      | XOM: 1-stop teleportation journey
  2720 | D:4      | Noticed Duvessa
  2721 | D:4      | Noticed Dowan
  2721 | D:4      | XOM: confuse monster(s)
  2742 | D:4      | Killed Duvessa
  2749 | D:4      | Killed Dowan
  2903 | D:4      | XOM: 1-stop teleportation journey
  2922 | D:4      | XOM: summons 4 hostile demons
  2932 | D:4      | XOM: fog
  2989 | D:4      | XOM: give mutations
  2989 | D:4      | Gained mutation: You evolve. [Xom's grace]
  2989 | D:4      | Lost mutation: You evolve. [Xom's grace]
  2989 | D:4      | Gained mutation: You are somewhat resistant to further
                  | mutation. [Xom's grace]
  2989 | D:4      | Gained mutation: You are strong-willed. (Will+) [Xom's
                  | grace]
  3225 | D:4      | Found a basalt altar of Yredelemnul.
  3265 | D:4      | XOM: noise
  3392 | D:4      | XOM: silly message
  3479 | D:4      | Found an opulent altar of Gozag.
  3561 | D:5      | Entered Level 5 of the Dungeon
  3613 | D:5      | Found a staircase to the Ecumenical Temple.
  3615 | D:5      | XOM: confusion (+ monsters)
  3621 | D:5      | XOM: summons friendly quasit
  3632 | D:5      | Reached skill level 5 in Fighting
  3632 | D:5      | Reached skill level 6 in Unarmed Combat
  3634 | Temple   | Entered the Ecumenical Temple
  3966 | D:5      | Reached XP level 8. HP: 83/88 MP: 7/7
  4000 | D:5      | XOM: silly message
  4193 | D:5      | Found a snail-covered altar of Cheibriados.
  4224 | D:5      | Reached skill level 5 in Dodging
  4227 | D:5      | XOM: potion effect (haste)
  4249 | D:5      | Reached skill level 7 in Unarmed Combat
  4314 | D:5      | XOM: scenery: 2 doors open
  4449 | D:5      | XOM: god gift: runed glaive {god gift}
  4479 | D:5      | XOM is BORED!
  4551 | D:6      | Found Haddy's Distillery.
  4559 | D:6      | Bought a potion of heal wounds for 50 gold pieces
  4559 | D:6      | Bought a potion of flight for 30 gold pieces
  4559 | D:6      | Bought a potion of curing for 30 gold pieces
  4559 | D:6      | Bought a potion of cancellation for 80 gold pieces
  4582 | D:6      | Found a glowing drain.
  4603 | D:6      | XOM: 1-stop teleportation journey
  4683 | Sewer    | Entered a sewer
  4781 | Sewer    | Reached skill level 8 in Unarmed Combat
  4922 | D:6      | XOM: confusion (+ monsters)
  4927 | D:6      | XOM: blink monster(s)
  5018 | D:6      | Found a hazy altar of Hepliaklqana.
  5020 | D:6      | Found a shadowy altar of Dithmenos.
  5038 | D:6      | XOM: noise
  5043 | D:6      | Reached skill level 9 in Unarmed Combat
  5872 | D:7      | Reached XP level 9. HP: 96/96 MP: 8/8
  5904 | D:7      | Found a sparkling altar of Nemelex Xobeh.
  5909 | D:7      | Found a blossoming altar of Fedhas.
  5913 | D:7      | Found an ancient bone altar of Kikubaaqudgha.
  5913 | D:7      | Found a shimmering blue altar of Sif Muna.
  5919 | D:7      | Got an ancient pewter ring
  5920 | D:7      | Identified the ring of Prescription {rElec rN+ Stlth-} (You
                  | found it on level 7 of the Dungeon)
  5967 | D:7      | Reached skill level 1 in Evocations
  6009 | D:7      | XOM: give mutations
  6009 | D:7      | Lost mutation: You are robust. (+10% HP) [Xom's mischief]
  6009 | D:7      | Gained mutation: You are covered in thick fur. (AC +2)
                  | [Xom's mischief]
  6009 | D:7      | Gained mutation: You are clumsy. (Dex -2) [Xom's mischief]
  6095 | D:7      | Found a glowing silver altar of Zin.
  6139 | D:7      | XOM: confusion (+ monsters)
  6144 | D:7      | XOM: divination: detect items
  6219 | D:7      | Found Ibymoyk's Book Shop.
  6297 | D:7      | Found a blossoming altar of Fedhas.
  6646 | D:8      | XOM: 3-stop teleportation journey
  6668 | D:8      | Found a bloodstained altar of Trog.
  6682 | D:8      | XOM: 7-stop teleportation journey
  6696 | D:8      | Noticed Maurice
  6699 | D:8      | XOM: swap monsters
  6702 | D:8      | XOM: enchant monster (bad)
  6712 | D:8      | XOM: confuse monster(s)
  6713 | D:8      | XOM: chaos cloud
  6714 | D:8      | Killed Maurice
  6715 | D:8      | Reached skill level 10 in Unarmed Combat
  6724 | D:8      | XOM: cleaving
  6825 | D:8      | Found an iron altar of Okawaru.
  6974 | D:8      | XOM: 5-stop teleportation journey
  7535 | D:9      | XOM: noise
  7582 | D:9      | Found a staircase to the Orcish Mines.
  7676 | D:9      | Reached skill level 1 in Shields
  7813 | D:9      | Found a white marble altar of Elyvilon.
  7923 | D:9      | Reached skill level 5 in Evocations
  7954 | D:9      | Noticed a two-headed ogre
  7961 | D:9      | XOM: summons 4 friendly demons
  7964 | D:9      | Killed a two-headed ogre
  7965 | D:9      | Reached XP level 10. HP: 78/96 MP: 9/9
  8121 | D:9      | XOM: polymorph komodo dragon -> rime drake
  8172 | D:9      | XOM: stat loss: -1 Int (9/10)
  8219 | D:9      | Found a staircase to the Lair.
  8294 | Lair:1   | Entered Level 1 of the Lair of Beasts
  8317 | D:9      | Reached skill level 5 in Shields
  8320 | D:9      | XOM: enchant monster (bad)
  8323 | D:9      | XOM: enchant monster (bad)
  8473 | Lair:1   | XOM: chaos cloud
  8482 | Lair:1   | XOM: swap monsters
  8487 | Lair:1   | XOM: noise
  8492 | Lair:1   | XOM: give mutations
  8492 | Lair:1   | Gained mutation: You are frail. (-10% HP) [Xom's mischief]
  8492 | Lair:1   | Gained mutation: You are partially covered in slimy green
                  | scales. (AC +2) [Xom's mischief]
  8533 | Lair:1   | Noticed a five-headed hydra
  8548 | Lair:1   | XOM: swap monsters
  8617 | Orc:1    | Entered Level 1 of the Orcish Mines
  8625 | Orc:1    | XOM: give mutations
  8625 | Orc:1    | Lost mutation: You are clumsy. (Dex -2) [Xom's mischief]
  8625 | Orc:1    | Gained mutation: Scrolls take you a little longer to read.
                  | [Xom's mischief]
  8636 | Orc:1    | XOM: noise
  8639 | Orc:1    | XOM: blink monster(s)
  8665 | Orc:1    | XOM: blink monster(s)
  8795 | Orc:1    | Found a flagged portal.
  8823 | Bailey   | Entered a bailey
  8948 | Bailey   | Lost mutation: Your muscles are strong. (Str +2) [potion of
                  | mutation]
  8948 | Bailey   | Lost mutation: You are somewhat resistant to further
                  | mutation. [potion of mutation]
  8948 | Bailey   | Lost mutation: You are covered in thick fur. (AC +2)
                  | [potion of mutation]
  8948 | Bailey   | Gained mutation: You are partially covered in iridescent
                  | scales. (AC +2) [potion of mutation]
  8948 | Bailey   | Gained mutation: You are agile. (Dex +2) [potion of
                  | mutation]
  9066 | Bailey   | Noticed an orc knight
  9117 | Bailey   | Killed an orc knight
  9185 | Bailey   | XOM: 1-stop teleportation journey
  9277 | Bailey   | Noticed an orc knight
  9297 | Bailey   | XOM: potion effect (brilliance)
  9300 | Bailey   | XOM: potion effect (haste)
  9306 | Bailey   | XOM: potion effect (invisibility)
  9312 | Bailey   | Killed an orc knight
  9313 | Bailey   | Reached XP level 11. HP: 53/91 MP: 10/10
  9358 | Bailey   | Noticed an orc warlord
  9456 | Bailey   | XOM: 1-stop teleportation journey
  9456 | Bailey   | Noticed an orc knight
  9473 | Bailey   | Killed an orc knight
  9509 | Bailey   | XOM: confuse monster(s)
  9511 | Bailey   | XOM: cast spell 'Chain of Chaos'
  9514 | Bailey   | XOM: scenery: 1 doors close
  9523 | Bailey   | XOM: cleaving
  9533 | Bailey   | Killed an orc warlord
  9629 | Bailey   | XOM: silly message
  9648 | Bailey   | XOM: noise
  9836 | Orc:1    | XOM: 3-stop teleportation journey
  9915 | Orc:1    | XOM: 3-stop teleportation journey
 10030 | Orc:2    | Entered Level 2 of the Orcish Mines
 10030 | Orc:2    | Noticed an orc sorcerer
 10037 | Orc:2    | XOM: scenery: summon butterflies
 10041 | Orc:2    | XOM: summons friendly ufetubus
 10051 | Orc:1    | XOM: enchant monster (good)
 10053 | Orc:1    | Killed an orc sorcerer
 10068 | Orc:1    | XOM: divine lightning
 10237 | Orc:2    | XOM: summons 7 friendly demons
 10245 | Orc:2    | Noticed an orc sorcerer
 10267 | Orc:1    | Killed an orc sorcerer
 10268 | Orc:1    | Reached skill level 5 in Throwing
 10322 | Orc:2    | Found a staircase to the Elven Halls.
 10325 | Orc:2    | XOM: summons friendly crimson imp
 10327 | Orc:2    | Noticed an orc sorcerer
 10468 | Orc:2    | an orc sorcerer changed into a jelly
 10468 | Orc:2    | XOM: polymorph orc sorcerer -> jelly
 10478 | Orc:2    | XOM: divination: magic mapping
 10493 | Orc:1    | Reached skill level 1 in Translocations
 10610 | Orc:1    | Reached skill level 1 in Spellcasting
 10891 | Orc:2    | Found a roughly hewn altar of Beogh.
 10951 | Orc:2    | Noticed an orc sorcerer
 10956 | Orc:2    | Noticed a sixfirhy
 10988 | Orc:2    | Killed an orc sorcerer
 11054 | Orc:2    | XOM: divination: detect items
 11058 | Orc:2    | Found Ruaggaso's Armour Shop.
 11072 | Orc:2    | XOM: enchant monster (good)
 11228 | Orc:2    | Bought the +0 robe of Fufeteg {rF+ rN+ Str-2 Slay+2 SInv}
                  | for 327 gold pieces
 11251 | Orc:2    | XOM: summons 6 hostile demons
 11252 | Orc:2    | Noticed a soul eater
 11400 | Orc:2    | Found Fyas's Magic Scroll Boutique.
 11426 | Orc:2    | Bought 2 scrolls of identify for 60 gold pieces
 11429 | Orc:2    | XOM: stat loss: -1 Dex (11/12)
 11498 | Orc:2    | Found Amnoeska's Gadget Boutique.
 11498 | Orc:2    | Found Ukocreosots's Gadget Shoppe.
 11664 | Orc:2    | Found Qunloch's Book Boutique.
 11691 | Orc:2    | Found Banwor's Book Shoppe.
 11691 | Orc:2    | Noticed an orc sorcerer
 11704 | Orc:2    | XOM: smoke on damage
 11706 | Orc:2    | Noticed a soul eater
 11711 | Orc:2    | Killed an orc sorcerer
 11769 | Orc:2    | Bought a book of Changes for 450 gold pieces
 11774 | Orc:2    | Found Wudooll's Antique Armour Boutique.
 11787 | Orc:2    | XOM: confusion (+ monsters)
 11916 | Orc:2    | Learned a level 5 spell: Blade Hands
 11919 | Orc:2    | Learned a level 2 spell: Wereblood
 11921 | Orc:2    | Learned a level 1 spell: Beastly Appendage
 11971 | D:10     | Entered Level 10 of the Dungeon
 12144 | D:10     | Reached skill level 1 in Transmutations
 12849 | D:10     | XOM is BORED!
 12902 | D:10     | XOM: cast spell 'Summon Hydra'
 12908 | D:10     | Reached XP level 12. HP: 86/99 MP: 15/15
 13042 | D:11     | Noticed Psyche
 13053 | D:11     | Killed Psyche
 13056 | D:11     | XOM: god gift: runed eveningstar {god gift}
 13132 | D:11     | XOM: cast spell 'Cause Fear'
 13150 | D:11     | XOM: chaos upgrade
 13152 | D:11     | XOM: torment (55/99 hp)
 13361 | D:11     | XOM: confusion
 13379 | D:11     | XOM: polymorph troll -> tarantella
 13379 | D:11     | Slain by a yak

Illustrated notes

Levels and vault maps discovered:
D:1:      lightli_arrival_noodles, layout_basic, fountainhead
D:2:      layout_loops_ring
D:3:      layout_rooms, uniq_terence, uniq_natasha, uniq_robin
D:4:      layout_layer_cave, lemuel_coloured_pillars_altar,
          lemuel_zombie_altar_yredelemnul, chequers_jeans, hex_tiny,
          uniq_duvessa
D:5:      layout_gridville, overflow_temple_1_default,
          minmay_temple_entry_wispy, minmay_misc_feat_alley,
          minmay_misc_feat_plants
D:6:      layout_layer_cave, riverfiend_overflow_shadow_ancestor,
          cheibrodos_sewer_entry_bend, serial_shops, shop
D:7:      layout_loops_ring, kennysheep_mini_moat, grunt_temple_overflow_open,
          serial_shops, shop, fedhas_altar_fruit_tree
D:8:      layout_gridville, lemuel_doored_altar, bloody_trog, uniq_maurice
D:9:      layout_roguey, marbit_many_paths, david_lair_shrubbed,
          hiddenorc2_lemuel
D:10:     layout_grid_maze
D:11:     layout_rooms, serial_undead, serial_undead_c, serial_undead_a,
          serial_undead_a, serial_undead_c, serial_undead_b, serial_undead_e,
          serial_undead_e, serial_undead_b, serial_undead_e, serial_undead_d,
          minmay_guarded_unrand_variability, uniq_psyche
Temple:   dpeg_three_leaves_temple
Lair:1:   layout_cave_pods, gammafunk_ghost_arena, grunt_megastairs_3
Orc:1:    layout_caves, enter_bailey_5, roderic_batcave
Orc:2:    st_orc_town, layout_caves, serial_shops, nicolae_shop_behind_doors,
          shop, shop

Skill      XL: |  1  2  3  4  5  6  7  8  9 10 11 12 |
---------------+-------------------------------------+-----
Dodging        | 2 3 4 5 |  5.0
Fighting       | 3 4 5 |  5.0
Unarmed Combat | 4 5 6 9 10 | 10.0
Evocations     | 5 |  5.0
Shields        | 3 8 9 |  9.0
Throwing       | 5 |  5.0
Translocations | 3 4 |  4.4
Spellcasting   | 2 3 |  3.5
Transmutations | 1 3 |  3.0

Action                   |  1- 3 |  4- 6 |  7- 9 | 10-12 || total
-------------------------+-------+-------+-------+-------++-------
Melee: Unarmed           |    90 |   151 |   461 |   993 ||  1695
       Punch             |       |     1 |    14 |       ||    15
       Staff             |       |       |       |    28 ||    28
  Use: Scroll            |       |       |    13 |     7 ||    20
       Potion            |       |       |     1 |     4 ||     5
 Stab: Confused          |       |       |     2 |       ||     2
       Sleeping          |       |       |     1 |       ||     1
       Invisible         |       |       |       |     4 ||     4
       Distracted        |       |       |       |     1 ||     1
Armor: Robe              |    42 |    54 |   118 |   238 ||   452
Dodge: Dodged            |    61 |    94 |   277 |   425 ||   857
Block: Kite shield       |       |       |    34 |   657 ||   691
